 Dungeon Crawl Stone Soup version 0.29-a0-700-g2f1814c7b2 (webtiles) character file.

Game seed: 162073610964417532

0 blackman the Sneak (level 1, -2/18 HPs)
             Began as a Human Delver on June 25, 2022.
             Slain by an orc priest
             ... wielding a +0 trident
              (3 damage)
             ... on level 5 of the Dungeon.
             The game lasted 00:01:06 (78 turns).

blackman the Sneak (Human Delver)                     Turns: 78, Time: 00:01:07

Health: -2/18      AC:  3    Str: 17    XL:     1   Next: 0%
Magic:  1/1        EV: 12    Int: 10    God:
Gold:   0          SH:  0    Dex: 14    Spells: 0/0 levels left

rFire   . . .      SeeInvis .   d - +4 flail of the Traitor {spect, Str+5}
rCold   . . .      Faith    .   (no shield)
rNeg    . . .      Spirit   .   b - +0 leather armour
rPois   .          Reflect  .   (no helmet)
rElec   .          Harm     .   (no cloak)
rCorr   .          Rampage  .   (no gloves)
Will    .....                   (no boots)
Stlth   +++.......              (no amulet)
HPRegen 0.06/turn               (no ring)
MPRegen 0.07/turn               (no ring)

@: no status effects
A: no striking features
a: no special abilities


You were on level 5 of the Dungeon.
You visited 1 branch of the dungeon, and saw 2 of its levels.

Inventory:

Hand Weapons
 a - a +0 hand axe
 d - the +4 flail of the Traitor (weapon) {spect, Str+5}
   (You found it on level 5 of the Dungeon)

   When its wielder attacks, the weapon's spirit leaps out and strikes again.
   The spirit shares a part of any damage it takes with its wielder.
   Str:       It affects your strength (+5).
Armour
 b - a +0 leather armour (worn)
Wands
 g - a wand of digging (3)
Scrolls
 c - a scroll of fog
 e - a scroll of fear
Potions
 f - a potion of haste


   Skills:
 + Level 3.0 Fighting
 + Level 2.0 Axes
 + Level 2.0 Dodging
 + Level 5.0 Stealth


You couldn't memorise any spells.
You didn't know any spells.
Your spell library was empty.

Dungeon Overview and Level Annotations

Branches:
Dungeon (5/15)             Temple (0/1) D:5

Altars:


Message History

Found a long sword.
Found a stone staircase leading up.
There is a stone staircase leading up here.
Found 16 gold pieces.
You open the door.
There is an open door here.
An iguana comes into view.
The iguana moves out of view.
An orc priest comes into view. It is wielding a +0 trident.
Found a staircase to the Ecumenical Temple.
Something hits the bush.
There is an open door here.
You close the door.
There is a stone staircase leading up here.
You climb upwards.
You hear the hiss of flowing sand.
There is an entrance to an ossuary on this level.
Hurry and find it before the portal is buried!
Found 28 gold pieces and a metallic purple potion.
Found a stone staircase leading down.
There is a stone staircase leading down here.
You climb downwards.
There is a stone staircase leading up here.
The orc priest shouts!
You hear a shout!
An ufetubus comes into view.
An orc wizard comes into view. It is wielding a +0 vampiric dagger.
Found 11 gold pieces.
The ufetubus misses you. The ufetubus barely misses you.
You see here a +0 long sword.
An orc comes into view. It is wielding a +0 club.
The ufetubus closely misses you. The ufetubus hits you.
The ufetubus hits you but does no damage.
The ufetubus hits you. The orc priest misses you.
An orc comes into view. It is wielding a +0 short sword.
The ufetubus misses you. The ufetubus hits you.
The orc priest invokes the aid of Beogh against you.
Pain shoots through your body!
Ouch! That really hurt!
* * * LOW HITPOINT WARNING * * *
The orc priest attacks as you move away!
The orc priest hits you with a +0 trident.
You die...

,* *,,,,,,,,,,,* ,* *,,......,,,*
,********####**,,.....,,,,******
,,,,,,,,.......**....,##,,,,,,,*
,,,,,,,$.......#,...P..#,,,,,,,*
,,,,,,,........#.PP>...#,,,,,,,*
,,,,,,,...o....#..PP...#,,,,,,,*
,,,,,,,........##.o..P#*,,,,,,,**
...............o@#...#**********,
#..............5.#...#,,,,,,,,,,,
#..............).#...#,,,,,,,,,,,
#................#...#,,,,,,,,,,,
#................#...#,,,,,,,,,,,
#................#...#,,,,,,,,,,,
#................#...#,,,,,,,,,,,
...............<.###+#######****,
.##+#########...............,***,


You could see an orc priest, an orc wizard (wandering), an orc (wandering) and
an ufetubus.

Vanquished Creatures (others)
  2 plants (D:5)
2 creatures vanquished.

Notes
Turn   | Place    | Note
-------+----------+-------------------------------------------
     0 | D:5      | blackman the Human Delver began the quest for the Orb.
     0 | D:5      | Reached XP level 1. HP: 18/18 MP: 1/1
    17 | D:5      | Identified the +4 flail of the Traitor {spect, Str+5}
    54 | D:5      | Noticed an iguana
    55 | D:5      | Noticed an orc priest
    56 | D:5      | Found a staircase to the Ecumenical Temple.
    73 | D:5      | Noticed an orc wizard
    78 | D:5      | Slain by an orc priest

Illustrated notes

Levels and vault maps discovered:
D:4:      layout_rooms, okawaru_trees_2, nicolae_ossuary_entry_giza,
          minmay_pentangle
D:5:      wander_river, layout_gridville, minmay_temple_entry_overgrown

Action                   || total
-------------------------++-------
  Use: Scroll            ||     1
Armor: Leather armour    ||     1
Dodge: Dodged            ||     5

Table legend: (Time is in decaauts)
 A = Elapsed time spent in this place.
 B = Non-inter-level travel time spent in this place.
 C = Inter-level travel time spent in this place.
 D = Time resting spent in this place.
 E = Time spent auto-exploring this place.
 F = Levels seen in this place.
 G = Mean time per level.
                   A        B        C        D        E       F      G
               +--------+--------+--------+--------+--------+-----+--------+
         Total |     77 |     77 |      0 |      0 |      0 |   2 |   38.5 |
       Dungeon |     77 |     77 |      0 |      0 |      0 |   2 |   38.5 |
               +--------+--------+--------+--------+--------+-----+--------+

Top non-repeatable levels by time:
     D:5: 76 daAuts
     D:4: 1 daAuts
